 Dungeon Crawl Stone Soup version 0.25-a0-1126-g5fd7b56c60 (webtiles) character file.

Game seed: 13097663932828853878, levelgen mode: deterministic

31 Moper the Sneak (level 3, 0/18 HPs)
             Began as a Spriggan Assassin on May 19, 2020.
             Shot with a stone by a goblin (5 damage)
             ... on level 2 of the Dungeon.
             The game lasted 00:05:01 (742 turns).

Moper the Sneak (Spriggan Assassin)                  Turns: 742, Time: 00:05:02

Health: 0/18       AC:  3    Str:  7    XL:     3   Next: 7%
Magic:  4/4        EV: 17    Int: 12    God:
Gold:   60         SH:  0    Dex: 18    Spells: 2/2 levels left

rFire    . . .     SeeInvis +   a - +2 dagger
rCold    . . .     Gourm    .   (shield restricted)
rNeg     . . .     Faith    .   b - +0 robe
rPois    .         Spirit   .   (helmet restricted)
rElec    .         Reflect  .   c - +0 cloak
rCorr    .         Harm     .   (gloves unavailable)
MR       .....                  (boots unavailable)
Stlth    +++++.....             (no amulet)
HPRegen  0.06/turn              j - ring of stealth
MPRegen  0.09/turn              (no ring)

@: very quick
A: very small, unfitting armour, see invisible, herbivore, speed 3, slow
metabolism 2
a: no special abilities


You were on level 2 of the Dungeon.
You were not hungry.

You visited 1 branch of the dungeon, and saw 2 of its levels.

You collected 60 gold pieces.

Inventory:

Hand Weapons
 a - a +2 dagger (weapon)
Missiles
 d - 4 poisoned darts (quivered)
 e - a curare-tipped dart
Armour
 b - a +0 robe (worn)
 c - a +0 cloak (worn)
Jewellery
 j - a ring of stealth (left hand)
Scrolls
 g - a scroll of remove curse
 i - a scroll of identify {unknown}
 k - a scroll of teleportation {unknown}
Potions
 h - a potion of heal wounds {unknown}
 l - a potion of degeneration {unknown}
Comestibles
 f - 3 rations


   Skills:
 + Level 1.8 Fighting
 + Level 2.2 Short Blades
 + Level 2.0 Throwing
 + Level 1.5 Dodging
 * Level 7.2 Stealth


You had 2 spell levels left.
You didn't know any spells.
Your spell library was empty.

Dungeon Overview and Level Annotations

Branches:
Dungeon (1/15)

Altars:


Innate Abilities, Weirdness & Mutations

You are very small and have problems with some larger weapons.
You are too small for most types of armour.
You have supernaturally acute eyesight. (SInv)
You are a herbivore.
You cover ground extremely quickly.
You need to consume almost no food.


Message History

You throw a curare-tipped dart. The curare-tipped dart hits the worm.
The worm looks as sick as possible!
The worm convulses.
The worm seems to be slow for longer.
The worm is severely wounded.
You hit the worm.
The worm is almost dead.
You kill the worm!
You have reached level 3!
Your experience leads to an increase in your attributes!
Increase (S)trength, (I)ntelligence, or (D)exterity?
You feel agile.
You see here a worm corpse.
e - a curare-tipped dart
d - a poisoned dart
d - 2 poisoned darts (gained 1)
d - 4 poisoned darts (gained 2) Quivering
d - 4 poisoned darts for throwing.
The goblin shouts!
The kobold shouts!
The goblin shoots a stone.
The stone hits you.
You die...

####w#.(...........(.######
#.#g..####...(....#....#
###.#...####........#....#
#..(......g.#########....#
#..$........# #)...#
#..[........# #....#
#...........# #....#
#(..((......#########....##
#......K...(@..........†..#
#......w....#########.....#
#...........# #.....#
############# #.....#
#.....# #.....# #.....#
#####.# ..


You could see a worm, a hobgoblin (wandering), a goblin and a kobold.

Vanquished Creatures
  A worm (D:2)
  4 leopard geckos (D:1)
  A bat (D:1)
  A giant cockroach (D:1)
  2 goblins
  A hobgoblin (D:1)
  A jackal (D:2)
  2 frilled lizards
  3 kobolds (D:1)
  10 rats (D:1)
26 creatures vanquished.

Notes
Turn   | Place    | Note
-------+----------+-------------------------------------------
     0 | D:1      | Moper the Spriggan Assassin began the quest for the Orb.
     0 | D:1      | Reached XP level 1. HP: 10/10 MP: 2/2
    41 | D:1      | Reached skill level 6 in Stealth
    97 | D:1      | Reached XP level 2. HP: 15/15 MP: 3/3
   443 | D:1      | Reached skill level 7 in Stealth
   582 | D:1      | You fall into a shaft and drop 1 floor!
   716 | D:2      | Reached XP level 3. HP: 4/18 MP: 4/4
   742 | D:2      | Shot with a stone by a goblin

Illustrated notes

Levels and vault maps discovered:
D:1:      mushboom_english_gardens, layout_rooms, kennysheep_decorative_pillar
D:2:      layout_basic, uniq_natasha

Skill      XL: |  1  2 |
---------------+-------+-----
Stealth        | 6 7 |  7.2
Fighting       | |  1.8
Short Blades   | |  2.2
Throwing       | |  2.0
Dodging        | |  1.5

Action                   || total
-------------------------++-------
Melee: Dagger            ||    59
Throw: Dart              ||    20
  Use: Scroll            ||     1
 Stab: Sleeping          ||     5
       Distracted        ||     1
Armor: Robe              ||     4
Dodge: Dodged            ||    53

Table legend:
 A = Non-vault XP
 B = Vault XP
 C = Vault XP percentage of total XP
 D = Non-vault monster count
 E = Vault monster count
 F = Vault count percentage of total count
                 A         B        C        D         E       F
            +---------+---------+-------+---------+---------+-------
      Total |      45 |       0 |   0.0 |      26 |       0 |   0.0
            +---------+---------+-------+---------+---------+-------
        D:1 |      35 |       0 |   0.0 |      22 |       0 |   0.0
        D:2 |      10 |       0 |   0.0 |       4 |       0 |   0.0
            +---------+---------+-------+---------+---------+-------
